cohdb
Replays
Latest Replays
All Replays
Popular Replays
Top Player Replays
Match Explorer
How It Works
Community
CoH3 Stats
Reddit
Sign in to upload your games and track your stats! →
Sign in with Steam
Match 42221425
Unlisted
Match 42221425
Overview
Messages
Build Orders
End
Construct Section Command Post
Vickers Machine Gun Team
Selects Air and Sea Battlegroup
Dingo Light Scout Car
Infantry Section
Infantry Section
Construct Platoon Command Post
Selects Commando Section Paradrop
Selects Commando Support Section Paradrop
6-pounder Anti-tank Gun Team
CMP 15cwt Truck
Commando Support Section Paradrop
Commando Section Paradrop
6-pounder Anti-tank Gun Team
Royal Engineer Section
Selects Incendiary Bombing Run
Construct Company Command Post
Unlock M3 Grant Medium Tanks
Selects Naval Blockade
M3 Grant Medium Tank
Commando Section Paradrop
M3 Grant Medium Tank
Incendiary Bombing Run
Selects UNKNOWN (223837)
M3 Grant Medium Tank
M3 Grant Medium Tank
✖NaNoir✖✖
Officer
CAM TO TO
那么唯一
VVarMachine
Valdai
Sailor
HELP ME
0
0
Comments
sign in to comment!
No comments posted yet!